[Event "Titled Tuesday Blitz February 01 B 2022"]
[White "Ronka, Erik"]
[Black "Senthil Maran K"]
[WhiteFideId "505080"]
[BlackFideId "25035681"]
[WhiteElo "2264"]
[BlackElo "2194"]
[Result "1-0"]
[Round "10"]
[TimeControl "180+1"]
[Date "2022.02.01"]
[WhiteClock "0:00:48"]
[BlackClock "0:00:34"]

1. d4 Nf6 2. Nf3 c5 3. d5 b5 4. c3 Bb7 5. e4 Nxe4 6. Bxb5 Nf6 7. c4 g6 8. O-O Bg7 9. Nc3 O-O 10. Bg5 d6 11. Re1 Ba6 12. Qd2 Bxb5 13. Nxb5 Re8 14. Re2 Na6 15. Rae1 Nc7 16. Nc3 Qd7 17. h3 Rab8 18. Nh2 Rb4 19. b3 Bf8 20. Bxf6 exf6 21. Ne4 Qd8 22. Ng4 Bg7 23. Nexf6+ Bxf6 24. Rxe8+ Nxe8 25. Rxe8+ Qxe8 26. Nxf6+ Kf8 27. Nxe8 Kxe8 28. Qh6 a5 29. Qxh7 a4 30. Qh8+ Ke7 31. Qc3 axb3 32. axb3 Rb7 33. g4 Ra7 34. h4 Ra2 35. h5 gxh5 36. gxh5 f6 37. h6 Kf7 38. Qg3 1-0


[Site "https://www.chess.com"]

[Event "Titled Tuesday Blitz February 01 B 2022"]
[White "Sadovsky, Artem"]
[Black "Weetik, Vjacheslav"]
[WhiteFideId "4155840"]
[BlackFideId "4153472"]
[WhiteElo "2369"]
[BlackElo "2469"]
[Result "1-0"]
[Round "10"]
[TimeControl "180+1"]
[Date "2022.02.01"]
[WhiteClock "0:00:16"]
[BlackClock "0:00:01"]

1. Nf3 Nf6 2. e3 d5 3. b3 a6 4. c4 e6 5. Bb2 c5 6. Be2 Nc6 7. cxd5 exd5 8. O-O Bd6 9. d4 O-O 10. dxc5 Bxc5 11. Nc3 Ba7 12. Rc1 Re8 13. Re1 Bg4 14. h3 Bf5 15. Na4 Ne4 16. Bxa6 Nb4 17. Bb5 Re6 18. Nd4 Qh4 19. Qf3 Bxd4 20. Bxd4 Bxh3 21. gxh3 Rg6+ 22. Kh2 Nxf2 23. Rg1 Ne4 24. Rcf1 f6 25. Rxg6 hxg6 26. Qg4 Qh6 27. a3 Nc2 28. Qe6+ Kh7 29. Qxd5 Ng5 30. Qg2 Rd8 31. Qxc2 Qxh3+ 32. Kg1 Rxd4 33. exd4 Qe3+ 34. Kh1 Qh3+ 35. Qh2 1-0


[Site "https://www.chess.com"]

[Event "Titled Tuesday Blitz February 01 B 2022"]
[White "Salinas Herrera, Pablo"]
[Black "Timofeev, Artyom"]
[WhiteFideId "3407128"]
[BlackFideId "4140419"]
[WhiteElo "2541"]
[BlackElo "2583"]
[Result "1-0"]
[Round "10"]
[TimeControl "180+1"]
[Date "2022.02.01"]
[WhiteClock "0:00:12"]
[BlackClock "0:00:01"]

1. d4 d5 2. Bf4 Nf6 3. e3 e6 4. Nf3 Bd6 5. Nbd2 O-O 6. c3 b6 7. Ne5 Bb7 8. Bd3 Ne4 9. O-O f6 10. Nef3 Nd7 11. Qc2 Nxd2 12. Bxh7+ Kh8 13. Nxd2 Bxf4 14. exf4 f5 15. Bg6 Qh4 16. Qd1 Qxf4 17. Re1 Rf6 18. Qh5+ Qh6 19. Qxh6+ gxh6 20. Bh5 c5 21. Rac1 Rc8 22. Nf3 Kg7 23. a3 Ba6 24. Rcd1 Kf8 25. Ne5 Ke7 26. Ng6+ Kd6 27. Nf4 cxd4 28. Rxd4 Nc5 29. Bf3 Bc4 30. h4 a5 31. Rdd1 a4 32. g3 b5 33. Kg2 Kc6 34. h5 Rg8 35. Rd4 Kd6 36. Rdd1 Rg5 37. Re3 Rg8 38. Rde1 Re8 39. Rd1 Rd8 40. Kh3 Re8 41. Kh4 Re7 42. Ng6 Rc7 43. Bg2 Nd7 44. f4 Rf7 45. Rde1 Nc5 46. Ne5 Rg7 47. Ng6 Rgf7 48. Bf3 Rg7 49. g4 fxg4 50. Bxg4 Rxg6 51. hxg6 Rg7 52. Rxe6+ Nxe6 53. Rxe6+ Kc5 54. f5 d4 55. Re5+ Kd6 56. cxd4 Rc7 57. f6 Bd3 58. f7 Rc8 59. g7 1-0


[Site "https://www.chess.com"]

[Event "Titled Tuesday Blitz February 01 B 2022"]
[White "Sanchez Gonzalez, Sergio"]
[Black "Papp, Levente"]
[WhiteFideId "2273020"]
[BlackFideId "751243"]
[WhiteElo "2288"]
[BlackElo "2308"]
[Result "0-1"]
[Round "10"]
[TimeControl "180+1"]
[Date "2022.02.01"]
[WhiteClock "0:00:40"]
[BlackClock "0:01:15"]

1. Nf3 d5 2. g3 Nc6 3. d4 Bf5 4. Bg2 Qd7 5. b3 Nf6 6. O-O Bh3 7. Ne5 Nxe5 8. dxe5 Bxg2 9. Kxg2 Ne4 10. f3 Nc5 11. Ba3 e6 12. Qd4 b6 13. Rd1 O-O-O 14. Bb2 Be7 15. a4 f6 16. a5 fxe5 17. Qd2 Bd6 18. b4 Na4 19. c3 b5 20. Bc1 a6 21. Qe3 Kb7 22. Nd2 Qc6 23. Ra3 d4 24. cxd4 Bxb4 25. Rb3 exd4 26. Qd3 Nc5 27. Qb1 Bxd2 28. Bxd2 Nxb3 29. Qxb3 Qc4 30. Qb1 Qxe2+ 0-1


[Site "https://www.chess.com"]

[Event "Titled Tuesday Blitz February 01 B 2022"]
[White "Shirov, Alexei"]
[Black "Grebeniuk, Semen"]
[WhiteFideId "2209390"]
[BlackFideId "14117509"]
[WhiteElo "2645"]
[BlackElo "2234"]
[Result "1-0"]
[Round "10"]
[TimeControl "180+1"]
[Date "2022.02.01"]
[WhiteClock "0:01:19"]
[BlackClock "0:00:23"]

1. e4 d5 2. exd5 Qxd5 3. Nc3 Qa5 4. Nf3 Nf6 5. d4 Bg4 6. h3 Bh5 7. g4 Bg6 8. Bg2 Nbd7 9. O-O e6 10. Qe2 c6 11. Ne5 Bd6 12. f4 Bxe5 13. dxe5 Nd5 14. f5 Nxc3 15. bxc3 Qxc3 16. fxg6 hxg6 17. Rb1 Rxh3 18. Bxh3 Qxh3 19. Rxb7 O-O-O 20. Rb3 1-0


[Site "https://www.chess.com"]

[Event "Titled Tuesday Blitz February 01 B 2022"]
[White "Solon, Nathan"]
[Black "Erdogdu, Mert"]
[WhiteFideId "2017229"]
[BlackFideId "6301495"]
[WhiteElo "2548"]
[BlackElo "2485"]
[Result "0-1"]
[Round "10"]
[TimeControl "180+1"]
[Date "2022.02.01"]
[WhiteClock "0:00:51"]
[BlackClock "0:00:16"]

1. d4 d5 2. c4 e6 3. Nf3 c5 4. cxd5 exd5 5. g3 Nc6 6. Bg2 Nf6 7. O-O Be7 8. dxc5 Bxc5 9. a3 Ne4 10. b4 Bb6 11. Bb2 O-O 12. Nc3 Nxc3 13. Bxc3 d4 14. Bb2 a6 15. Qd3 Re8 16. Rfd1 Bg4 17. Rd2 Qd7 18. Rad1 Rad8 19. Qb3 Be6 20. Qc2 Bf5 21. Qb3 d3 22. Nh4 Rxe2 23. Bxc6 Bxf2+ 24. Kf1 Qxc6 25. Rxe2 dxe2+ 26. Kxe2 Bg4+ 27. Kxf2 Rxd1 28. Qc3 Qxc3 29. Bxc3 Rd3 0-1


[Site "https://www.chess.com"]

[Event "Titled Tuesday Blitz February 01 B 2022"]
[White "Steinberg, Nitzan"]
[Black "Cunha, Lucas Aguiar"]
[WhiteFideId "2801795"]
[BlackFideId "2125404"]
[WhiteElo "2440"]
[BlackElo "2361"]
[Result "1-0"]
[Round "10"]
[TimeControl "180+1"]
[Date "2022.02.01"]
[WhiteClock "0:00:15"]
[BlackClock "0:00:09"]

1. Nf3 d5 2. d4 Nf6 3. c4 c6 4. e3 a6 5. Nc3 b5 6. b3 Bg4 7. h3 Bxf3 8. Qxf3 e6 9. Bd2 Nbd7 10. Qd1 Bd6 11. Be2 O-O 12. c5 Bc7 13. f4 b4 14. Na4 Ne4 15. O-O Nxd2 16. Qxd2 a5 17. Bd3 Qe7 18. Rae1 Rad8 19. g4 f6 20. Qc2 g5 21. f5 e5 22. e4 dxe4 23. Bc4+ Kh8 24. Qxe4 Nb8 25. d5 cxd5 26. Bxd5 Nd7 27. Rc1 h5 28. Kg2 Kg7 29. Rfd1 Rh8 30. c6 Nb8 31. Nc5 h4 32. Ne6+ Kh6 33. Nxd8 Rxd8 34. Bc4 Bd6 35. Rd3 Rc8 36. Qd5 Rxc6 37. Rcd1 e4 38. Qg8 Rc8 39. Qg6# 1-0


[Site "https://www.chess.com"]

[Event "Titled Tuesday Blitz February 01 B 2022"]
[White "Svane, Rasmus"]
[Black "Dourerassou, Jonathan"]
[WhiteFideId "4657101"]
[BlackFideId "628050"]
[WhiteElo "2645"]
[BlackElo "2513"]
[Result "1-0"]
[Round "10"]
[TimeControl "180+1"]
[Date "2022.02.01"]
[WhiteClock "0:01:00"]
[BlackClock "0:00:29"]

1. Nf3 d5 2. g3 Nf6 3. Bg2 g6 4. O-O Bg7 5. c4 dxc4 6. Qa4+ c6 7. Qxc4 O-O 8. d4 Be6 9. Qa4 Nbd7 10. Nc3 Nb6 11. Qc2 Nbd5 12. e4 Nxc3 13. bxc3 Bc4 14. Rd1 Qa5 15. Ne5 Be6 16. Rb1 c5 17. Rxb7 cxd4 18. cxd4 Rfc8 19. Nc6 Kh8 20. d5 Qa6 21. Qb3 Bg4 22. f3 Nxe4 23. Bf1 Qxb7 24. Qxb7 Bxf3 25. Re1 Bc3 26. Re3 Nc5 27. Qxe7 Bxd5 28. Rxc3 1-0


[Site "https://www.chess.com"]

[Event "Titled Tuesday Blitz February 01 B 2022"]
[White "Sviridov, Valery"]
[Black "Hess, Robert"]
[WhiteFideId "4120680"]
[BlackFideId "2022036"]
[WhiteElo "2454"]
[BlackElo "2557"]
[Result "1-0"]
[Round "10"]
[TimeControl "180+1"]
[Date "2022.02.01"]
[WhiteClock "0:00:34"]
[BlackClock "0:00:03"]

1. Nf3 g6 2. g3 Bg7 3. Bg2 d6 4. O-O Nf6 5. c4 O-O 6. Nc3 Nc6 7. d4 Bf5 8. d5 Na5 9. Nd2 c5 10. e4 Bg4 11. Qc2 Ne8 12. b3 Nc7 13. Bb2 Qd7 14. a3 b6 15. b4 Nb7 16. b5 Bh3 17. a4 Bxg2 18. Kxg2 a5 19. f4 e6 20. Rae1 Rae8 21. h3 f5 22. exf5 exf5 23. Nf3 Nd8 24. Nd1 Rxe1 25. Rxe1 Re8 26. Re2 Rxe2+ 27. Qxe2 Qe8 28. Qxe8+ Nxe8 29. Bc1 Ba1 30. Bd2 Nf6 31. Nf2 Kf7 32. g4 fxg4 33. hxg4 h5 34. Ng5+ Ke7 35. Kf3 hxg4+ 36. Nxg4 Nxg4 37. Kxg4 Bf6 38. Ne4 Bd4 39. Be1 Nf7 40. Bh4+ Kd7 41. Nd2 Nh6+ 42. Kg5 Nf5 43. Nf3 Ne3 44. Kxg6 Nxc4 45. f5 1-0


[Site "https://www.chess.com"]

[Event "Titled Tuesday Blitz February 01 B 2022"]
[White "Tregubov, Pavel V."]
[Black "Loay, Sameer"]
[WhiteFideId "4115341"]
[BlackFideId "8104239"]
[WhiteElo "2341"]
[BlackElo "2040"]
[Result "0-1"]
[Round "10"]
[TimeControl "180+1"]
[Date "2022.02.01"]
[WhiteClock "0:00:49"]
[BlackClock "0:00:36"]

1. e4 d6 2. d4 g6 3. Nc3 Bg7 4. Nf3 Nf6 5. Be2 O-O 6. O-O c5 7. dxc5 dxc5 8. h3 Nc6 9. e5 Nd7 10. e6 fxe6 11. Ng5 Nd4 12. Bg4 Ne5 13. Nce4 h6 14. c3 Nxg4 15. cxd4 Nxf2 16. Rxf2 Rxf2 17. Nxf2 hxg5 18. dxc5 Qd5 19. Qc2 Qf5 20. Qc4 Bd7 21. Be3 Bc6 22. Rf1 Bd5 23. Qc1 Rf8 24. b4 Bxg2 25. Kxg2 Qf3+ 26. Kg1 Qg3+ 27. Kh1 Be5 0-1


[Site "https://www.chess.com"]

[Event "Titled Tuesday Blitz February 01 B 2022"]
[White "Urazayev, Arystanbek"]
[Black "Isajevsky, Anton"]
[WhiteFideId "13709810"]
[BlackFideId "4142500"]
[WhiteElo "2321"]
[BlackElo "2510"]
[Result "1-0"]
[Round "10"]
[TimeControl "180+1"]
[Date "2022.02.01"]
[WhiteClock "0:00:39"]
[BlackClock "0:00:01"]

1. e4 c5 2. Nf3 d6 3. d4 cxd4 4. Nxd4 Nf6 5. Nc3 a6 6. Rg1 e5 7. Nb3 h5 8. h3 Be6 9. g4 hxg4 10. hxg4 d5 11. exd5 Nxd5 12. Nxd5 Qxd5 13. Qxd5 Bxd5 14. Be3 Nc6 15. O-O-O O-O-O 16. Bb6 Rd7 17. a3 Bf3 18. Rxd7 Kxd7 19. Bc4 Ke8 20. Nd2 Bh1 21. f3 Be7 22. Be3 Nd4 23. Bxd4 exd4 24. Bd5 Bg5 25. Kd1 Rh2 26. Nf1 Rh3 27. Ng3 Be3 28. Rxh1 Rxg3 29. Bxb7 Rg2 30. Be4 Ke7 31. Rh8 Kd6 32. Re8 g6 33. b4 Rd2+ 34. Ke1 Rg2 35. a4 Rh2 36. b5 axb5 37. axb5 Kc5 38. Bd3 f5 39. gxf5 gxf5 40. Rc8+ Kb6 41. Rc6+ Kb7 42. Bxf5 Rh5 43. Bd3 Rh2 44. Rf6 Rg2 45. Be4+ 1-0


[Site "https://www.chess.com"]

[Event "Titled Tuesday Blitz February 01 B 2022"]
[White "Van Foreest, Jorden"]
[Black "Nakamura, Hikaru"]
[WhiteFideId "1039784"]
[BlackFideId "2016192"]
[WhiteElo "2609"]
[BlackElo "2850"]
[Result "0-1"]
[Round "10"]
[TimeControl "180+1"]
[Date "2022.02.01"]
[WhiteClock "0:00:04"]
[BlackClock "0:00:18"]

1. e4 d5 2. exd5 Qxd5 3. Nc3 Qa5 4. d4 c6 5. Nf3 Nf6 6. Bc4 Bf5 7. Bd2 e6 8. Qe2 Bb4 9. a3 Nbd7 10. O-O Bxc3 11. Bxc3 Qc7 12. h3 O-O 13. Rfe1 Nd5 14. Qd2 Rfd8 15. Ra2 a5 16. Raa1 b5 17. Bxd5 cxd5 18. Ne5 Nxe5 19. Rxe5 Rdc8 20. Re3 h5 21. Qe2 Rab8 22. Qxh5 b4 23. axb4 axb4 24. Be1 Qxc2 25. b3 Rb7 26. Qg5 Qb2 27. Rd1 Qc2 28. Ra1 Qb2 29. Rd1 Bc2 30. Rg3 Bg6 31. h4 Qc2 32. Ra1 Qb2 33. Rd1 Qe2 34. Ra1 Rbc7 35. Bxb4 Rc2 36. Rf1 Rb2 37. Bc5 Ra8 38. Re3 Qxf1+ 39. Kxf1 Ra1+ 40. Re1 Bd3+ 41. Kg1 Rxe1+ 42. Kh2 Rxf2 43. Bf8 Bg6 44. h5 Rf5 45. Qd8 Rxh5+ 46. Kg3 Re4 47. b4 Kh7 48. b5 Re3+ 49. Kf2 Rb3 50. b6 Rb2+ 51. Kg3 Be4 52. Kf4 Rxg2 53. Ke3 Rh3+ 54. Kf4 f6 0-1


[Site "https://www.chess.com"]

[Event "Titled Tuesday Blitz February 01 B 2022"]
[White "Vovk, Orest"]
[Black "Stoleriu, George"]
[WhiteFideId "14113490"]
[BlackFideId "1227505"]
[WhiteElo "2203"]
[BlackElo "2203"]
[Result "1-0"]
[Round "10"]
[TimeControl "180+1"]
[Date "2022.02.01"]
[WhiteClock "0:02:00"]
[BlackClock "0:01:34"]

1. h4 e5 2. h5 d5 3. h6 g6 4. d4 e4 5. Bf4 Bd6 6. Qd2 Qf6 7. Bxd6 Qxd6 8. e3 Be6 9. c4 dxc4 10. Nc3 f5 11. Nh3 Nf6 12. Ng5 Nbd7 13. Nb5 Qb6 14. Nxe6 Ke7 15. Bxc4 1-0


[Site "https://www.chess.com"]

[Event "Titled Tuesday Blitz February 01 B 2022"]
[White "Yoo, Christopher Woojin"]
[Black "Naroditsky, Daniel"]
[WhiteFideId "30909694"]
[BlackFideId "2026961"]
[WhiteElo "2105"]
[BlackElo "2608"]
[Result "0-1"]
[Round "10"]
[TimeControl "180+1"]
[Date "2022.02.01"]
[WhiteClock "0:00:15"]
[BlackClock "0:00:23"]

1. e4 c6 2. Nf3 d5 3. d3 Qc7 4. e5 Bg4 5. d4 c5 6. Be2 e6 7. O-O Bxf3 8. Bxf3 cxd4 9. Qxd4 Nc6 10. Qa4 Bc5 11. c4 dxc4 12. Qxc4 Nxe5 13. Qb5+ Nd7 14. Qxb7 Qxb7 15. Bxb7 Rb8 16. Bc6 Ne7 17. Ba4 Nd5 18. Rd1 Ke7 19. Bxd7 Kxd7 20. Nc3 Kc6 21. Nxd5 exd5 22. a3 Rb3 23. Bf4 d4 24. Rdc1 Rxb2 25. Be5 Kd5 26. Bxg7 Re8 27. Re1 Rxe1+ 28. Rxe1 Bxa3 29. Re5+ Kc4 30. g3 Bc5 31. Re4 a5 32. Re1 Rc2 33. Ra1 Bb4 34. Kg2 d3 35. Kf3 d2 36. Rd1 Kd3 37. Bh6 a4 0-1


[Site "https://www.chess.com"]

[Event "Titled Tuesday Blitz February 01 B 2022"]
[White "Zhigalko, Sergei"]
[Black "Mirzoev, Azer"]
[WhiteFideId "13502956"]
[BlackFideId "13400304"]
[WhiteElo "2662"]
[BlackElo "2525"]
[Result "0-1"]
[Round "10"]
[TimeControl "180+1"]
[Date "2022.02.01"]
[WhiteClock "0:00:03"]
[BlackClock "0:00:10"]

1. e4 e5 2. Nf3 Nc6 3. Bc4 Bc5 4. b4 Bxb4 5. c3 Be7 6. d4 Na5 7. Bd3 d6 8. dxe5 dxe5 9. Nxe5 Nf6 10. O-O O-O 11. Qc2 Nd7 12. Nxd7 Bxd7 13. Nd2 Qe8 14. e5 h6 15. Nf3 Rd8 16. Rb1 b6 17. Re1 c5 18. Qe2 Bc6 19. Bf4 Qd7 20. Rbd1 Qg4 21. Bg3 Rfe8 22. h3 Qe6 23. Nh2 c4 24. Bc2 Rxd1 25. Qxd1 Qd5 26. Qxd5 Bxd5 27. Ng4 Rd8 28. Rd1 Bc6 29. Rxd8+ Bxd8 30. Ne3 b5 31. Nf5 Nb7 32. f4 Nc5 33. Bf2 Nd3 34. Be3 a5 35. Nd6 Ne1 36. Be4 Bxe4 37. Nxe4 b4 38. cxb4 axb4 39. Kf1 Nc2 40. Bc1 Bb6 41. Nd6 b3 42. axb3 cxb3 43. Nc4 Be3 44. Nxe3 Nxe3+ 45. Ke2 Nc4 46. Kd3 b2 47. Bxb2 Nxb2+ 48. Kd4 Na4 49. f5 Kf8 50. g4 Nb6 51. h4 Ke7 52. g5 h5 53. Kc5 Nd7+ 54. Kd5 Nf8 55. Kc5 g6 56. f6+ Ke6 57. Kc6 Nd7 58. Kc7 Nxe5 59. Kd8 Nf3 0-1


[Site "https://www.chess.com"]

[Event "Titled Tuesday Blitz February 01 B 2022"]
[White "Bortnyk, Olexandr"]
[Black "Dobrov, Vladimir"]
[WhiteFideId "14120828"]
[BlackFideId "4136594"]
[WhiteElo "2723"]
[BlackElo "2614"]
[Result "0-1"]
[Round "11"]
[TimeControl "180+1"]
[Date "2022.02.01"]
[WhiteClock "0:00:02"]
[BlackClock "0:00:14"]

1. e4 e5 2. Nf3 Nc6 3. Bb5 Nf6 4. Nc3 Nd4 5. Ba4 c6 6. O-O b5 7. Bb3 Nxb3 8. axb3 d6 9. d4 Qc7 10. Bg5 Be7 11. Bxf6 Bxf6 12. d5 b4 13. Ne2 c5 14. Nd2 O-O 15. Nc4 a5 16. Qd3 g6 17. Ra2 Bd7 18. Rfa1 Bb5 19. Ng3 Bg7 20. Nf1 f5 21. Nfd2 Bh6 22. Qh3 Bxd2 23. Nxd2 f4 24. Nc4 Bxc4 25. bxc4 Rf7 26. f3 Kg7 27. b3 Qd8 28. Ra4 Rfa7 29. Kf2 Qf6 30. Ke2 h5 31. Rg1 Kh6 32. Rga1 Kg7 33. Rc1 Qg5 34. Rg1 Kh6 35. Qe6 Qe7 36. Rga1 Qxe6 37. dxe6 Kg7 38. e7 Kf7 39. e8=Q+ Kxe8 40. Rd1 Ke7 41. Rda1 g5 42. h3 Ke6 43. Kf2 Kd7 44. Rh1 Kc6 45. Rd1 Rg7 46. Rda1 Kb6 47. Rd1 Rg6 48. Raa1 g4 49. hxg4 hxg4 50. fxg4 Kc6 51. Rh1 Rxg4 52. Rh2 Rg6 53. Ra2 Kb6 54. Ra1 a4 55. bxa4 Ka5 56. Rd1 Rag8 57. Rd3 Rf6 58. Rd1 Rfg6 59. Kf3 Rg3+ 60. Kf2 R8g6 0-1


[Site "https://www.chess.com"]

[Event "Titled Tuesday Blitz February 01 B 2022"]
[White "Brodowski, Piotr"]
[Black "Glek, Igor"]
[WhiteFideId "1124480"]
[BlackFideId "4100484"]
[WhiteElo "2422"]
[BlackElo "2215"]
[Result "1-0"]
[Round "11"]
[TimeControl "180+1"]
[Date "2022.02.01"]
[WhiteClock "0:00:07"]
[BlackClock "0:00:01"]

1. e4 e6 2. d4 d5 3. Nd2 a6 4. f4 c5 5. Ngf3 Nc6 6. exd5 exd5 7. Nb3 cxd4 8. Nbxd4 Nf6 9. Be2 Bc5 10. c3 O-O 11. O-O Re8 12. Kh1 Qb6 13. Nxc6 bxc6 14. Ne5 Ne4 15. Bd3 f6 16. Bxe4 dxe4 17. Qh5 Be6 18. f5 Bd5 19. Ng4 e3 20. b4 e2 21. Re1 Bf2 22. Bh6 Qa7 23. Rxe2 Rxe2 24. Nxf6+ gxf6 25. Qxe2 Kh8 26. Rf1 Bh4 27. Rf4 Rg8 28. Rg4 Bg5 29. Rxg5 Rxg5 30. Bxg5 fxg5 31. f6 Qf7 32. Qe5 1-0


[Site "https://www.chess.com"]

[Event "Titled Tuesday Blitz February 01 B 2022"]
[White "Cori T., Deysi"]
[Black "Murzin, Volodar"]
[WhiteFideId "3801934"]
[BlackFideId "44155573"]
[WhiteElo "2350"]
[BlackElo "2585"]
[Result "0-1"]
[Round "11"]
[TimeControl "180+1"]
[Date "2022.02.01"]
[WhiteClock "0:01:37"]
[BlackClock "0:00:46"]

1. d4 Nf6 2. Nf3 g6 3. g3 Bg7 4. Bg2 O-O 5. O-O d6 6. b3 Nbd7 7. Bb2 e5 8. dxe5 Ng4 9. Qc1 dxe5 10. Nbd2 Re8 11. Rd1 e4 12. Bxg7 Kxg7 13. Qb2+ Qf6 14. Qxf6+ Ndxf6 15. Nd4 e3 16. f3 Nf2 17. Rdb1 Rd8 18. Nf1 Rxd4 19. Nxe3 Nh3+ 20. Kf1 Ng5 21. Rd1 Ne6 22. c3 Rxd1+ 23. Rxd1 c6 24. Nc4 Kf8 25. e4 Ke7 26. f4 Nc5 27. e5 Nfe4 28. Rc1 Bf5 29. g4 Bxg4 30. b4 Nd3 31. Rc2 Bd1 32. Ne3 Bxc2 33. Nxc2 Nxc3 0-1


[Site "https://www.chess.com"]

[Event "Titled Tuesday Blitz February 01 B 2022"]
[White "De La Colina, Nicolas"]
[Black "Marcziter, Dmitrii"]
[WhiteFideId "30946921"]
[BlackFideId "13900765"]
[WhiteElo "2046"]
[BlackElo "2155"]
[Result "1-0"]
[Round "11"]
[TimeControl "180+1"]
[Date "2022.02.01"]
[WhiteClock "0:00:19"]
[BlackClock "0:00:41"]

1. e4 c5 2. Nf3 a6 3. c3 d5 4. exd5 Qxd5 5. d4 Nf6 6. Be3 cxd4 7. cxd4 Bg4 8. Nc3 Qd6 9. Qa4+ Bd7 10. Qb3 b5 11. Ne5 Be6 12. Qc2 Nbd7 13. Be2 g6 14. Ne4 Nxe4 15. Qxe4 Bd5 16. Qf4 Nf6 17. O-O Bg7 18. Bf3 O-O 19. Rac1 Rac8 20. a3 Bxf3 21. Qxf3 Nd5 22. Rxc8 Rxc8 23. Nxf7 Qe6 24. Ng5 Qd7 25. Qf7+ Kh8 26. Ne6 Bf6 27. Bh6 Rg8 28. Nf8 Bg7 29. Bxg7+ Rxg7 30. Qxg7+ Kxg7 31. Nxd7 Nf4 32. Re1 Kf7 33. Ne5+ Kg7 34. Nf3 Nd5 35. Re5 Nb6 36. Rxe7+ Kf6 37. Ra7 Nc4 38. Rxa6+ Kf5 39. b3 Nb2 40. Ra5 Ke4 41. Rxb5 Kd3 42. d5 g5 43. d6 g4 44. d7 gxf3 45. d8=Q+ Kc2 46. Rc5+ Kb1 47. b4 fxg2 48. Qd4 h5 49. Qe4+ Ka2 50. Rc2 h4 51. Rxb2+ Kxb2 52. a4 Kb3 53. b5 Kc3 54. a5 Kd2 55. b6 Kc1 56. a6 Kb2 57. b7 Kc3 58. a7 Kd2 59. f4 Kc3 60. Kxg2 Kd2 61. Kh3 Kc3 62. Kg4 Kd2 63. Kf5 Kc3 64. Ke5 Kd2 65. Kd4 Kc1 66. Qe2 Kb1 67. Kc3 Ka1 68. Kb3 h3 69. f5 Kb1 70. f6 1-0


[Site "https://www.chess.com"]

[Event "Titled Tuesday Blitz February 01 B 2022"]
[White "Deac, Bogdan-Daniel"]
[Black "Steinberg, Nitzan"]
[WhiteFideId "1226380"]
[BlackFideId "2801795"]
[WhiteElo "2646"]
[BlackElo "2440"]
[Result "1-0"]
[Round "11"]
[TimeControl "180+1"]
[Date "2022.02.01"]
[WhiteClock "0:02:07"]
[BlackClock "0:00:54"]

1. e4 c5 2. Nf3 d6 3. d4 cxd4 4. Nxd4 Nf6 5. Nc3 a6 6. h3 e6 7. g4 Nfd7 8. g5 b5 9. a3 Bb7 10. h4 Nc6 11. Be3 Rc8 12. Nxc6 Rxc6 13. Qd4 Ne5 14. O-O-O Qc7 15. Nxb5 axb5 16. Bxb5 Nd7 17. Bxc6 Qxc6 18. f3 e5 19. Qa7 Be7 20. Rd3 O-O 21. Rc3 Nc5 22. Bxc5 Ra8 23. Be3 Qd7 24. Qb6 Bd8 25. Qb3 d5 26. exd5 Ba5 27. Rc5 1-0


[Site "https://www.chess.com"]

[Event "Titled Tuesday Blitz February 01 B 2022"]
[White "Dourerassou, Jonathan"]
[Black "Ezat, Mohamed"]
[WhiteFideId "628050"]
[BlackFideId "10600906"]
[WhiteElo "2513"]
[BlackElo "2386"]
[Result "1-0"]
[Round "11"]
[TimeControl "180+1"]
[Date "2022.02.01"]
[WhiteClock "0:01:43"]
[BlackClock "0:00:02"]

1. e4 c6 2. Nc3 d5 3. Nf3 Bg4 4. h3 Bh5 5. d4 e6 6. Be2 Bb4 7. exd5 cxd5 8. O-O Nc6 9. Bf4 Nf6 10. Ne5 Bxe2 11. Nxe2 Nxe5 12. dxe5 Nd7 13. c3 Bc5 14. Qd3 O-O 15. Qg3 Kh8 16. Rad1 Qe7 17. Bg5 f6 18. exf6 gxf6 19. Be3 Rg8 20. Qf4 Rg6 21. Bxc5 Nxc5 22. Ng3 Rag8 23. Kh1 e5 24. Qf3 e4 25. Qe3 Qd6 26. Nf5 Qc7 27. Rxd5 Nd3 28. g3 Nxb2 29. Qxe4 Nc4 30. Ne7 Rxg3 31. fxg3 Rxg3 32. Qh4 Rg6 33. Nxg6+ 1-0


[Site "https://www.chess.com"]

[Event "Titled Tuesday Blitz February 01 B 2022"]
[White "Erdogdu, Mert"]
[Black "Vusatiuk, Vladimir"]
[WhiteFideId "6301495"]
[BlackFideId "14118610"]
[WhiteElo "2485"]
[BlackElo "2157"]
[Result "1-0"]
[Round "11"]
[TimeControl "180+1"]
[Date "2022.02.01"]
[WhiteClock "0:00:07"]
[BlackClock "0:00:02"]

1. e4 c5 2. Nf3 e6 3. d4 cxd4 4. Nxd4 a6 5. c4 Qc7 6. Nc3 Nf6 7. Be3 d6 8. Be2 Be7 9. O-O Nbd7 10. Qd2 b6 11. Rfc1 Bb7 12. f3 O-O 13. Rab1 Rac8 14. Rc2 Qb8 15. b4 Qa8 16. a4 Rfe8 17. a5 bxa5 18. b5 d5 19. exd5 exd5 20. Nc6 Bxc6 21. bxc6 Qxc6 22. Nd1 Bb4 23. Qc1 Ne5 24. c5 Nc4 25. Bxc4 dxc4 26. Rxc4 Nd7 27. Bf2 Ne5 28. Rc2 Nd3 29. Qg5 Nxf2 30. Nxf2 Bxc5 31. Kh1 Be7 32. Rxc6 Bxg5 33. Rxa6 Bd2 34. g3 Bb4 35. Ne4 h6 36. g4 Ra8 37. Rc6 Reb8 38. Ra1 Rc8 39. Rb6 Rab8 40. Ra6 Rc2 41. h4 Rd8 42. h5 Rd3 43. g5 Rxf3 44. g6 Rh3+ 45. Kg1 fxg6 46. hxg6 Rc8 47. Rf1 Re3 48. Rf4 Bc5 49. Nxc5 Re1+ 50. Kf2 Ra1 51. Ne6 a4 52. Rf7 Ra2+ 53. Kf3 Rc3+ 54. Ke4 Re2+ 55. Kd4 Rc8 56. Rxg7+ Kh8 57. Rh7+ Kg8 58. Rg7+ Kh8 59. Re7 Rd8+ 60. Nxd8 Rxe7 61. Ne6 Kg8 62. Ra8+ Re8 63. Rxe8# 1-0


[Site "https://www.chess.com"]

[Event "Titled Tuesday Blitz February 01 B 2022"]
[White "Estrada Nieto, Julian"]
[Black "Lopez Mulet, Inigo"]
[WhiteFideId "5101018"]
[BlackFideId "22235620"]
[WhiteElo "2246"]
[BlackElo "2315"]
[Result "0-1"]
[Round "11"]
[TimeControl "180+1"]
[Date "2022.02.01"]
[WhiteClock "0:00:02"]
[BlackClock "0:01:49"]

1. e4 g6 2. d4 Bg7 3. Nc3 c5 4. d5 e5 5. f4 d6 6. Nf3 Bg4 7. Bb5+ Nd7 8. fxe5 dxe5 9. a4 Nf6 10. O-O O-O 11. h3 Bxf3 12. Qxf3 Ne8 13. Be3 Rc8 14. a5 Nd6 15. Bxd7 Qxd7 16. Na4 Qb5 17. b3 Qb4 18. c3 Qxe4 19. Bxc5 Qxf3 20. Rxf3 Rfd8 21. Bxa7 e4 22. Re3 f5 23. Bc5 Nb5 24. Rd1 Nxc3 25. Nxc3 Rxc5 26. Ne2 Rcxd5 27. Rxd5 Rxd5 28. Kh2 Rd3 29. Rxd3 exd3 30. a6 bxa6 31. Nf4 d2 0-1


[Site "https://www.chess.com"]